 Dungeon Crawl Stone Soup version 0.20.2-3-g29329e0561 (webtiles) character file.

239 Alfie the Shooter (level 5, -3/46 HPs)
             Began as a Minotaur Hunter on June 11, 2020.
             Killed from afar by Blork the orc (9 damage)
             ... with a puff of frost
             ... on level 4 of the Dungeon.
             The game lasted 00:05:25 (1870 turns).

Alfie the Shooter (Minotaur Hunter)                 Turns: 1870, Time: 00:05:25

Health: -3/46      AC:  3    Str: 18    XL:     5   Next: 79%
Magic:  4/4        EV: 12    Int:  8    God:
Gold:   162        SH:  0    Dex: 10    Spells: 4/4 levels left

rFire    . . .     SeeInvis .   b - +1 short sword
rCold    . . .     Gourm    .   (no shield)
rNeg     . . .     Faith    .   c - +0 leather armour
rPois    .         Spirit   .   (helmet restricted)
rElec    .         Reflect  .   (no cloak)
rCorr    .         Harm     .   (no gloves)
MR       .....                  (no boots)
Stlth    +.........             (no amulet)
Regen    0.2/turn               (no ring)
MPRegen  0.1/turn               (no ring)

@: about to teleport
A: retaliatory headbutt, horns 2
a: no special abilities


You were on level 4 of the Dungeon.
You were not hungry.

You visited 1 branch of the dungeon, and saw 4 of its levels.

You collected 162 gold pieces.

Inventory:

Hand Weapons
 a - a +1 shortbow
 b - a +1 short sword (weapon)
Missiles
 j - 5 tomahawks (quivered)
Armour
 c - a +0 leather armour (worn)
Jewellery
 q - an uncursed amulet of the gourmand
 s - a +3 ring of evasion {unknown}
Wands
 d - a wand of random effects (9/48)
Scrolls
 g - a scroll of fog {unknown}
 i - a scroll of fear
 k - 2 scrolls of identify
 n - a scroll of recharging
Potions
 e - 2 potions of brilliance
 o - a potion of agility {unknown}
 p - a potion of invisibility {unknown}
 t - a potion of mutation {unknown}
 u - 2 potions of ambrosia
Comestibles
 f - a bread ration
 h - 2 meat rations


   Skills:
 + Level 3.7 Fighting
 + Level 6.7 Bows
 + Level 0.2 Throwing
 + Level 2.1 Armour
 + Level 2.5 Dodging
 + Level 0.7 Stealth


You had 4 spell levels left.
You didn't know any spells.

Dungeon Overview and Level Annotations

Branches:
Dungeon (4/15)
 Temple: D:4-7

Altars:
Cheibriados
Fedhas
Gozag
Hepliaklqana
Kikubaaqudgha
Makhleb
Nemelex Xobeh
Uskayaw
Vehumet

Annotations:
D:4 Blork the orc


Innate Abilities, Weirdness & Mutations

You reflexively headbutt those who attack you in melee.
You have a pair of horns on your head.


Message History

You hit the ogre but do no damage.
The ogre is almost dead.
The ogre hits you with a giant club!
You hit the ogre.
The ogre is almost dead.
The ogre hits you with a giant club!
Blork the orc comes into view.
He is wielding a flail of venom.
You barely miss the ogre.
The ogre is almost dead.
Blork the orc shouts!
Blork the orc moves out of view.
The ogre hits you with a giant club!!
* * * LOW HITPOINT WARNING * * *
You hit the ogre.
You kill the ogre!
Your Armour skill increases to level 2!
As you read the scroll of teleportation, it crumbles to dust.
You feel strangely unstable. Blork the orc casts a spell at you.
The puff of frost hits you!
You die...

... ..!. ... ...
#.###.< . #.##..
.. #....# #...
#....### ....
#......##..#
..#.###..#......#
.......@(..#.####
....o##).###>#
...( ......#.#
... .......#.#
.(.....#.##
........#..#
.........##.#
...##.(.####.#
#.#


You could see Blork the orc.

Vanquished Creatures
  An ogre (D:4)
  Natasha (thrice) (D:2)
  A howler monkey skeleton (D:4)
  3 adders
  3 dart slugs
  4 bats
  2 giant cockroaches
  4 goblins
  6 hobgoblins
  2 jackals (D:3)
  4 kobolds
  A quokka (D:3)
  A ball python (D:2)
  3 frilled lizards
  3 rats
41 creatures vanquished.

Notes
Turn   | Place    | Note
-------+----------+-------------------------------------------
     0 | D:1      | Alfie the Minotaur Hunter began the quest for the Orb.
     0 | D:1      | Reached XP level 1. HP: 18/18 MP: 0/0
    99 | D:1      | Reached XP level 2. HP: 25/25 MP: 1/1
   487 | D:2      | Noticed Natasha
   491 | D:2      | Killed Natasha
   491 | D:2      | Reached skill level 5 in Bows
   491 | D:2      | Reached XP level 3. HP: 30/30 MP: 2/2
   771 | D:2      | Found an ancient bone altar of Kikubaaqudgha.
   878 | D:2      | Reached XP level 4. HP: 38/38 MP: 3/3
   992 | D:2      | Noticed Natasha
   999 | D:2      | Killed Natasha
   999 | D:2      | Reached skill level 6 in Bows
  1047 | D:2      | Noticed Natasha
  1056 | D:2      | Killed Natasha
  1056 | D:2      | Reached skill level 1 in Armour
  1244 | D:3      | Found an opulent altar of Gozag.
  1463 | D:3      | Found a radiant altar of Vehumet.
  1638 | D:3      | Found a hide-covered altar of Uskayaw.
  1639 | D:3      | Found a blossoming altar of Fedhas.
  1645 | D:3      | Found a hazy altar of Hepliaklqana.
  1647 | D:3      | Found a sparkling altar of Nemelex Xobeh.
  1649 | D:3      | Found a burning altar of Makhleb.
  1774 | D:4      | Reached XP level 5. HP: 37/45 MP: 4/4
  1799 | D:4      | Found a snail-covered altar of Cheibriados.
  1857 | D:4      | Noticed an ogre
  1868 | D:4      | Noticed Blork the orc
  1869 | D:4      | Killed an ogre
  1870 | D:4      | Killed from afar by Blork the orc

Skill      XL: |  1  2  3  4  5 |
---------------+----------------+-----
Bows           | 5 6 |  6.7
Fighting       | 3 |  3.7
Armour         | 1 2 |  2.1
Throwing       | |  0.2
Dodging        | |  2.5
Stealth        | |  0.7

Action                   |  1- 3 |  4- 6 || total
-------------------------+-------+-------++-------
Melee: Short sword       |       |     5 ||     5
       Headbutt          |       |     1 ||     1
 Fire: Shortbow          |    57 |    57 ||   114
Throw: Tomahawk          |       |     3 ||     3
  Use: Scroll            |     5 |     4 ||     9
       Potion            |       |     4 ||     4
  Eat: Bread ration      |       |     1 ||     1
Armor: Leather armour    |     2 |     3 ||     5
Dodge: Dodged            |     7 |    14 ||    21
